 Dungeon Crawl Stone Soup version 0.28-a0-941-g140ffa10cf (webtiles) character file.

Game seed: 13337359977083100702

863 cvjcd the Sneak (level 7, -1/32 HPs)
             Began as a Spriggan Enchanter on Nov 29, 2021.
             Was an Initiate of Dithmenos.
             Slain by a phantom (7 damage)
             ... on level 5 of the Dungeon.
             The game lasted 00:11:24 (6381 turns).

cvjcd the Sneak (Spriggan Enchanter)                Turns: 6381, Time: 00:11:24

Health: -1/32      AC:  4    Str:  6    XL:     7   Next: 72%
Magic:  18/18      EV: 17    Int: 16    God:    Dithmenos [......]
Gold:   215        SH:  0    Dex: 16    Spells: 12/20 levels left

rFire   . . .      SeeInvis +   g - +2 short sword (holy)
rCold   . . .      Faith    .   (shield restricted)
rNeg    . . .      Spirit   .   b - +1 robe
rPois   .          Reflect  .   (helmet restricted)
rElec   .          Harm     .   i - +0 cloak
rCorr   .          Rampage  .   (gloves unavailable)
Will    +....                   (boots unavailable)
Stlth   ++++......              (no amulet)
HPRegen 0.10/turn               (no ring)
MPRegen 0.16/turn               (no ring)

@: very quick
A: very small, no large weapons, unfitting armour, see invisible, speed 3
a: Renounce Religion


You were on level 5 of the Dungeon.
You worshipped Dithmenos.
Dithmenos was noncommittal.
You visited 2 branches of the dungeon, and saw 6 of its levels.

You collected 215 gold pieces.

Inventory:

Hand Weapons
 a - a +2 dagger
 g - a +2 short sword of holy wrath (weapon)
 k - a +0 dagger of venom
Missiles
 m - 21 poisoned darts (quivered)
Armour
 b - a +1 robe (worn)
 i - a +0 cloak (worn)
Wands
 j - a wand of flame (12)
Scrolls
 e - a scroll of identify
 f - 2 scrolls of teleportation
 n - 2 scrolls of blinking
Potions
 c - a potion of invisibility
 d - 3 potions of lignification
 h - 2 potions of curing
 l - a potion of attraction


   Skills:
 - Level 1.1 Short Blades
 - Level 2.6 Dodging
 + Level 7.6 Stealth
 + Level 7.1 Spellcasting
 + Level 7.6 Hexes


You had 12 spell levels left.
You knew the following spells:

 Your Spells              Type           Power      Damage    Failure   Level
a - Ensorcelled Hibernat  Hex/Ice        34%        N/A       4%          2
b - Tukima's Dance        Hex            30%        N/A       1%          3
c - Dazzling Flash        Conj/Hex       34%        N/A       8%          3

Your spell library contained the following spells:

 Spells                   Type           Power      Damage    Failure   Level
 Confusing Touch          Hex            30%        N/A       1%          3
 Gell's Gravitas          Tloc           5%         N/A       36%         3
 Lesser Beckoning         Tloc           5%         N/A       36%         3
 Spider Form              Tmut/Pois      5%         N/A       36%         3
 Stone Arrow              Conj/Erth      10%        3d7       36%         3
 Teleport Other           Tloc           5%         N/A       36%         3
 Animate Armour           Summ/Erth      10%        N/A       77%         4
 Blade Hands              Tmut           2%         N/A       98%         5
 Irradiate                Conj/Tmut      2%         3d14      98%         5
 Dragon Form              Tmut           2%         N/A       100%        7
 Lehudib's Crystal Spear  Conj/Erth      2%         10d2      100%        8


Dungeon Overview and Level Annotations

Branches:
Dungeon (5/15)             Temple (1/1) D:4

Altars:
Dithmenos
Gozag
Makhleb
Okawaru
Qazlal
Sif Muna
Zin

Annotations:
D:3 1 runed translucent door, xoxolimbo's ghost, amateur DsFE


Innate Abilities, Weirdness & Mutations

You are very small and have problems with some larger weapons.
You are too small for most types of armour.
You have supernaturally acute eyesight. (SInv)
You cover ground extremely quickly. (Speed+++)


Message History

You closely miss the phantom.
The phantom is lightly damaged.
The phantom hits you.
You hit the phantom.
The phantom convulses!
The phantom is heavily damaged.
The phantom hits you.
The phantom blinks!
You blink.
You hit the phantom.
The phantom convulses.
The phantom is heavily damaged.
The phantom hits you.
You hit the phantom but do no damage.
The phantom is heavily damaged.
The phantom barely misses you. x2
You miss the phantom.
The phantom is heavily damaged.
The phantom hits you.
The phantom blinks!
You blink.
You are too injured to fight recklessly!
You are too injured to fight recklessly!
You are too injured to fight recklessly!
You are too injured to fight recklessly!
You are too injured to fight recklessly!
You are too injured to fight recklessly!
You feel better.
You hit the phantom but do no damage.
The phantom is heavily damaged.
The phantom hits you.
The phantom blinks!
You blink.
You hit the phantom.
The phantom convulses.
The phantom is severely damaged.
The phantom closely misses you.
You hit the phantom but do no damage.
The phantom is severely damaged.
The phantom completely misses you.
You hit the phantom.
The phantom convulses.
The phantom is almost destroyed.
The phantom hits you!
* * * LOW HITPOINT WARNING * * *
The phantom blinks!
You blink.
You closely miss the phantom.
The phantom is almost destroyed.
The phantom hits you!
You die...

#..........#....
#####......(........
##............)#.....
#.......# #........#
###.......## #........#
##.#........###.......#
##..#..................##
#.........###...#.......#
##......@...§..###......#
##......W..§...####.....#
#................##......
##..#............#.......
####....<.....#....÷....
#....................
##..#.............[..
#....#..##............
###.....##........###.


You could see a phantom.

Vanquished Creatures
  Sigmund (D:2)
  A necrophage (D:4)
  An ogre (D:3)
  A scorpion (D:4)
  An orc priest (D:3)
  A gnoll shaman (D:4)
  A bullfrog skeleton (D:5)
  6 orc wizards (D:4)
  A killer bee zombie (D:4)
  A hound skeleton (D:5)
  A howler monkey skeleton (D:4)
  3 adders
  5 gnolls
  An ufetubus (D:5)
  A worm (D:2)
  2 dart slugs
  15 orcs
  7 bats
  6 endoplasms
  A giant cockroach (D:1)
  4 goblins
  5 hobgoblins
  8 kobolds
  5 quokkas
  6 ball pythons
  3 frilled lizards
  3 rats (D:2)
91 creatures vanquished.

Vanquished Creatures (collateral kills)
  Crazy Yiuf (D:3)
  A gnoll (D:4)
  2 orcs (D:4)
  A kobold (D:4)
5 creatures vanquished.

Vanquished Creatures (others)
  3 dancing weapons
3 creatures vanquished.

Grand Total: 99 creatures vanquished

Notes
Turn   | Place    | Note
-------+----------+-------------------------------------------
     0 | D:1      | cvjcd the Spriggan Enchanter began the quest for the Orb.
     0 | D:1      | Reached XP level 1. HP: 9/9 MP: 5/5
   130 | D:1      | Found a faded altar of an unknown god.
   260 | D:1      | Reached XP level 2. HP: 13/13 MP: 7/7
   263 | D:1      | Learned a level 2 spell: Ensorcelled Hibernation
  1020 | D:2      | Noticed Sigmund
  1158 | D:2      | Reached XP level 3. HP: 16/16 MP: 6/9
  1224 | D:2      | Learned a level 3 spell: Tukima's Dance
  1228 | D:2      | Learned a level 3 spell: Dazzling Flash
  1999 | D:2      | Killed Sigmund
  2000 | D:2      | Reached skill level 5 in Spellcasting
  2000 | D:2      | Reached skill level 5 in Hexes
  2000 | D:2      | Reached XP level 4. HP: 21/21 MP: 8/12
  2000 | D:2      | Reached XP level 5. HP: 24/24 MP: 8/13
  2068 | D:3      | Found a runed translucent door.
  3170 | D:3      | Noticed xoxolimbo's ghost (amateur DsFE)
  3334 | D:3      | Found a runed translucent door.
  3335 | D:3      | Noticed Crazy Yiuf
  3342 | D:3      | Killed Crazy Yiuf
  3343 | D:3      | Reached skill level 5 in Stealth
  3343 | D:3      | Reached XP level 6. HP: 28/28 MP: 9/15
  4320 | D:4      | Found a staircase to the Ecumenical Temple.
  4382 | Temple   | Entered the Ecumenical Temple
  4407 | Temple   | Became a worshipper of Dithmenos the Shadowed
  4505 | D:4      | Reached XP level 7. HP: 12/32 MP: 7/17
  6001 | D:5      | Entered Level 5 of the Dungeon
  6381 | D:5      | Slain by a phantom

Illustrated notes

Levels and vault maps discovered:
D:1:      elethiomel_arrival_maze, layout_basic,
          chequers_ecumenical_altar_grove, minmay_misc_feat_five
D:2:      layout_basic, grunt_decor_junction, st_stairs_4, uniq_sigmund
D:3:      layout_basic, ebering_ghost_sewer_d, uniq_crazy_yiuf_cottage
D:4:      layout_rooms, temple_fountains
D:5:      mumra_celtic_spiral_tile, layout_cave_pools, uniq_eustachio
Temple:   mainiacjoe_temple_coin_purse

Skill      XL: |  1  2  3  4  5  6  7 |
---------------+----------------------+-----
Spellcasting   | 3 5 6 7 |  7.1
Hexes          | 4 5 6 7 |  7.6
Stealth        | 5 6 7 |  7.6
Short Blades   | |  1.1
Dodging        | |  2.6

Action                   |  1- 3 |  4- 6 |  7- 9 || total
-------------------------+-------+-------+-------++-------
Melee: Dagger            |    77 |   138 |    64 ||   279
       Short sword       |       |     3 |    30 ||    33
 Cast: Ensorcelled Hiber |    14 |    28 |    12 ||    54
       Tukima's Dance    |       |    10 |     6 ||    16
Evoke: Wand              |       |     1 |       ||     1
  Use: Scroll            |       |     8 |     1 ||     9
       Potion            |       |     1 |     1 ||     2
 Stab: Sleeping          |    19 |    23 |     7 ||    49
       Distracted        |       |     3 |       ||     3
       Invisible         |       |     4 |       ||     4
Armor: Robe              |     3 |    16 |    16 ||    35
Dodge: Dodged            |    54 |    96 |    98 ||   248

Table legend: (Time is in decaauts)
 A = Elapsed time spent in this place.
 B = Non-inter-level travel time spent in this place.
 C = Inter-level travel time spent in this place.
 D = Time resting spent in this place.
 E = Time spent auto-exploring this place.
 F = Levels seen in this place.
 G = Mean time per level.
                   A        B        C        D        E       F      G
               +--------+--------+--------+--------+--------+-----+--------+
         Total |   5191 |   5024 |    167 |   1863 |   2262 |   6 |  865.2 |
       Dungeon |   5169 |   5007 |    162 |   1863 |   2257 |   5 | 1033.8 |
        Temple |     21 |     16 |      5 |      0 |      5 |   1 |   21.0 |
               +--------+--------+--------+--------+--------+-----+--------+

Top non-repeatable levels by time:
     D:3: 1991 daAuts
     D:2: 1235 daAuts
     D:4: 1038 daAuts
     D:1: 730 daAuts
     D:5: 172 daAuts
  Temple: 21 daAuts
